 Dungeon Crawl Stone Soup version 0.31-a0-1172-g9944ec47dd (webtiles) character file.

Game seed: 16788147938914474169

1619 Okkudo the Cleaver (level 8, 0/66 HPs)
             Began as a Hill Orc Monk on Dec 10, 2023.
             Was a Priest of Beogh.
             Succumbed to a kobold brigand's poison
             ... on level 6 of the Dungeon.
             The game lasted 00:16:21 (3702 turns).

Okkudo the Cleaver (Hill Orc Monk)                  Turns: 3702, Time: 00:16:21

Health: 0/66       AC:  9    Str: 16    XL:     8   Next: 96%
Magic:  9/9        EV: 23    Int: 10    God:    Beogh [***...]
Gold:   200        SH:  0    Dex: 13    Spells: 7/7 levels left

rFire   . . .        w - +4 scythe (protect)
rCold   . . .        (shield currently unavailable)
rNeg    . . .        c - +0 chain mail
rPois   .            (no helmet)
rElec   .            (no cloak)
rCorr   .            b - +0 pair of gloves
SInv    .            (no boots)
Will    .....        k - amulet of the acrobat Stlth
                     (no ring)
HPRegen 0.31/turn    (no ring)
MPRegen 0.11/turn

%: acrobat
@: lethally poisoned (0 -> 0), weakened, acrobatic
A: no striking features
a: Renounce Religion, Smiting


You were on level 6 of the Dungeon.
You worshipped Beogh.
Beogh was most pleased with you.
You visited 1 branch of the dungeon, and saw 6 of its levels.

You collected 200 gold pieces.

Inventory:

Hand Weapons
 m - the +5 dagger of Makhleb, Inviting {flame, rElec rF+ Will+}
   (You found it on level 2 of the Dungeon)

   rF+:       It protects you from fire.
   rElec:     It insulates you from electricity.
   Will+:     It increases your willpower.
 w - a +4 scythe of protection (weapon)
Missiles
 d - 2 poisoned darts (quivered)
Armour
 b - a +0 pair of gloves (worn)
 c - a +0 chain mail (worn)
Jewellery
 k - an amulet of the acrobat (around neck)
Talismans
 o - a maw talisman
Wands
 t - a wand of charming (11)
Scrolls
 f - 6 scrolls of identify {unknown}
 j - 2 scrolls of noise {unknown}
 l - a scroll of enchant weapon
 r - a scroll of fog {unknown}
 u - 2 scrolls of teleportation {unknown}
 v - a scroll of brand weapon {unknown}
Potions
 a - a potion of brilliance {unknown}
 e - 4 potions of might {unknown}
 g - a potion of mutation {unknown}
 i - a potion of attraction {unknown}
 n - 3 potions of curing {unknown}
 p - 2 potions of lignification {unknown}
 q - a potion of enlightenment {unknown}


   Skills:
 + Level 4.2 Fighting
 * Level 14.0 Axes
 + Level 1.6 Armour
 - Level 2.4 Dodging
 - Level 0.1 Stealth
 + Level 2.2 Invocations


You had 7 spell levels left.
You didn't know any spells.
Your spell library contained the following spells:

 Spells                   Type           Power      Damage    Failure   Level
 Apportation              Tloc           0%         N/A       99%         1
 Necrotise                Necr           0%         1d4       99%         1
 Summon Small Mammal      Summ           0%         N/A       99%         1
 Call Canine Familiar     Summ           0%         N/A       100%        3
 Summon Guardian Golem    Hex/Summ       0%         N/A       100%        3


Dungeon Overview and Level Annotations

Branches:
Dungeon (6/15)
 Temple: D:4-7

Altars:
Elyvilon
Hepliaklqana
Makhleb
Vehumet

Shops:
D:4 (

Annotations:
D:4 1 exclusion


Message History

The gnoll bouda is almost dead.
The gnoll bouda utters an invocation to its god.
The gnoll bouda is healed somewhat.
Your attacks no longer feel as feeble.
The gnoll bouda barks out a call to the hunt!
The gnoll picks up the pace!
A gnoll comes into view.
It is wielding a +0 spear and carrying a wand of roots.
The kobold brigand throws a poisoned dart.
The poisoned dart hits you!
You are lethally poisoned!
The gnoll bouda gazes fiercely through you!
You feel your attacks grow feeble.
* * * LOW HITPOINT WARNING * * *
You feel very sick.
* * * LOW HITPOINT WARNING * * *
You feel sick.
The gnoll zaps a wand.
The roots erupt in riotous growth!
The grasping roots grab you! The grasping roots constrict you.
You escape the roots grasp.
* * * LOW HITPOINT WARNING * * *
You feel sick.
The gnoll is no longer moving quickly.
Press: ? - help, . - travel You can't see that place. [the floor.]
* * * LOW HITPOINT WARNING * * *
You feel sick.
The gnoll bouda barks out a call to the hunt!
The gnoll picks up the pace!
Your attacks no longer feel as feeble.
* * * LOW HITPOINT WARNING * * *
You feel sick.
* * * LOW HITPOINT WARNING * * *
You feel sick.
The gnoll bouda gazes fiercely through you!
You feel your attacks grow feeble.
* * * LOW HITPOINT WARNING * * *
You feel sick.
The gnoll is no longer moving quickly.
The gnoll bouda gazes fiercely through you!
You feel as though you will be weak longer.
You die...

#............#.#....
#####........#......
######........###....
#.............# ....
#......##.....# ...
#.............#
#..............
####...........#
#@..........#
#...###....#
#....##....#
#..........#
#..g.......#
#..gK......#
#...K.....##
####.g....#
#######K.....#


You could see a gnoll bouda, 2 gnolls and 2 kobolds.

Vanquished Creatures
  Pikel (D:4)
  Sigmund (D:3)
  Duvessa (D:4)
  An ogre (D:5)
  2 phantoms
  A scorpion (D:4)
  Dowan (D:4)
  A howler monkey (D:6)
  2 jellies (D:4)
  A hound (D:5)
  An orc priest (D:4)
  A sleepcap (D:5)
  2 iguanas (D:5)
  Natasha (thrice) (D:3)
  An orc wizard (D:4)
  3 gnolls
  9 adders
  A shadow imp (D:6)
  2 ufetubi (D:3)
  2 worms
  9 orcs
  9 ball pythons
  4 bats
  3 endoplasms
  A giant cockroach (D:4)
  11 goblins
  7 hobgoblins
  6 kobolds
  3 quokkas
  4 rats
94 creatures vanquished.

Vanquished Creatures (others)
  A ball python (D:4)
1 creature vanquished.

Grand Total: 95 creatures vanquished

Notes
Turn   | Place    | Note
-------+----------+-------------------------------------------
     0 | D:1      | Okkudo the Hill Orc Monk began the quest for the Orb.
     0 | D:1      | Reached XP level 1. HP: 19/19 MP: 1/1
   277 | D:1      | Reached XP level 2. HP: 26/26 MP: 2/2
   433 | D:1      | You fall into a shaft and drop 1 floor!
   464 | D:2      | Identified the +5 dagger of Makhleb, Inviting {flame, rElec
                  | rF+ Will+}
   526 | D:2      | Reached skill level 5 in Axes
   575 | D:2      | Found a faded altar of an unknown god.
   837 | D:2      | Reached XP level 3. HP: 31/31 MP: 3/3
  1152 | D:3      | Noticed Natasha
  1161 | D:3      | Killed Natasha
  1162 | D:3      | Reached skill level 6 in Axes
  1162 | D:3      | Reached XP level 4. HP: 33/39 MP: 4/4
  1301 | D:3      | Noticed Natasha
  1312 | D:3      | Killed Natasha
  1317 | D:3      | Reached skill level 7 in Axes
  1377 | D:3      | Noticed Natasha
  1385 | D:3      | Killed Natasha
  1386 | D:3      | Reached XP level 5. HP: 41/45 MP: 5/5
  1701 | D:3      | Noticed Sigmund
  1714 | D:3      | Killed Sigmund
  1715 | D:3      | Reached skill level 9 in Axes
  1715 | D:3      | Reached XP level 6. HP: 43/51 MP: 6/6
  1871 | D:4      | Found Felotol's Antique Weapon Shoppe.
  1878 | D:4      | Became a worshipper of Beogh the Brigand
  1878 | D:4      | Reached * piety under Beogh
  1878 | D:4      | Reached ** piety under Beogh
  2066 | D:4      | Noticed Duvessa
  2066 | D:4      | Noticed Dowan
  2101 | D:4      | Killed Duvessa
  2102 | D:4      | Reached skill level 10 in Axes
  2102 | D:4      | Reached XP level 7. HP: 39/57 MP: 7/7
  2121 | D:4      | Killed Dowan
  2247 | D:4      | Noticed Pikel
  2258 | D:4      | Killed Pikel
  2259 | D:4      | Reached skill level 12 in Axes
  2259 | D:4      | Reached XP level 8. HP: 46/64 MP: 8/8
  2404 | D:4      | Found a white marble altar of Elyvilon.
  2404 | D:4      | Found a burning altar of Makhleb.
  2539 | D:4      | Reached skill level 13 in Axes
  2632 | D:4      | Found a radiant altar of Vehumet.
  3021 | D:5      | Entered Level 5 of the Dungeon
  3166 | D:5      | Reached skill level 1 in Invocations
  3290 | D:5      | Reached skill level 1 in Armour
  3532 | D:6      | Found a hazy altar of Hepliaklqana.
  3549 | D:6      | Reached *** piety under Beogh
  3647 | D:6      | Reached skill level 14 in Axes
  3698 | D:6      | HP: 3/66 [poisoned by a kobold brigand]
  3701 | D:6      | HP: 1/66 [poisoned by a kobold brigand]
  3702 | D:6      | Succumbed to a kobold brigand's poison

Illustrated notes

Levels and vault maps discovered:
D:1:      psy_arrival_dodecagon, layout_loops_cross
D:2:      layout_rooms, serial_glass, glass_columns_b, glass_columns_b,
          ebering_ecumenical_altar_sacrificial, kennysheep_flooded_box
D:3:      layout_basic, kennysheep_potato, uniq_sigmund, uniq_natasha
D:4:      corexii_shack_village, layout_loops_ring, nicolae_vehumet_radiance,
          nicolae_overflow_two_pavilions, serial_shops, shop, uniq_duvessa,
          uniq_pikel
D:5:      layout_basic, minivault_23, nicolae_titane
D:6:      layout_basic, mainiacjoe_overflow_boulevard,
          minmay_temple_entry_overgrown

Skill      XL: |  1  2  3  4  5  6  7  8 |
---------------+-------------------------+-----
Axes           | 5 6 7 9 10 12 14 | 14.0
Invocations    | 2 |  2.2
Armour         | 1 |  1.6
Fighting       | 4 |  4.2
Dodging        | |  2.4
Stealth        | |  0.1

Action                     |  1- 3 |  4- 6 |  7- 9 || total
---------------------------+-------+-------+-------++-------
  Melee: Hand axe          |    12 |       |       ||    12
         Dagger            |    30 |    86 |       ||   116
         Halberd           |       |    13 |   161 ||   174
  Throw: Dart              |       |       |     2 ||     2
 Invoke: Convert to Beogh  |       |     1 |       ||     1
    Use: Potion            |       |       |     1 ||     1
         Scroll            |       |       |     1 ||     1
 Armour: Leather armour    |    23 |     2 |       ||    25
         Robe              |     2 |       |       ||     2
         Ring mail         |       |    65 |    36 ||   101
         Chain mail        |       |       |   117 ||   117
  Dodge: Dodged            |    39 |    87 |   123 ||   249

Table legend: (Time is in decaauts)
 A = Elapsed time spent in this place.
 B = Non-inter-level travel time spent in this place.
 C = Inter-level travel time spent in this place.
 D = Time resting spent in this place.
 E = Time spent auto-exploring this place.
 F = Levels seen in this place.
 G = Mean time per level.
                   A        B        C        D        E       F      G
               +--------+--------+--------+--------+--------+-----+--------+
         Total |   3730 |   3644 |     86 |    588 |   1683 |   6 |  621.7 |
       Dungeon |   3730 |   3644 |     86 |    588 |   1683 |   6 |  621.7 |
               +--------+--------+--------+--------+--------+-----+--------+

Top non-repeatable levels by time:
     D:4: 1187 daAuts
     D:3: 907 daAuts
     D:2: 509 daAuts
     D:1: 433 daAuts
     D:6: 355 daAuts
     D:5: 336 daAuts
